 Dungeon Crawl Stone Soup version 0.30-a0-743-gbfdf073431 (webtiles) character file.

Game seed: 14079912758748960934

21572 bobo the Fighter (level 12, -4/88 (90) HPs)
             Began as an Octopode Earth Elementalist on Feb 7, 2023.
             Was a High Priest of Fedhas.
             Slain by a merfolk
             ... wielding a +0 trident
              (16 damage)
             ... on level 2 of the Lair of Beasts on Feb 8, 2023.
             The game lasted 00:54:42 (12153 turns).

bobo the Fighter (Octopode Earth Elementalist)     Turns: 12153, Time: 00:54:43

HP:   -4/88 (90)    AC:  9    Str: 13      XL:     12   Next: 91%
MP:   11/24         EV: 20    Int: 22 (23) God:    Fedhas [*****.]
Gold: 731           SH:  0    Dex: 10      Spells: 2/27 levels left

rFire   + + .      SeeInvis .    N - +6 war axe of the Endless Expanse {heavy, rPois rC+ Stlth+}
rCold   + + .      Faith    .    (no shield)
rNeg    . . .      Spirit   .    D - +2 hat
rPois   +          Reflect  .    k - amulet of magic regeneration
rElec   .          Harm     .    c - +4 ring of protection
rCorr   .          Rampage  .    i - ring of willpower
Will    ++...                    o - +6 ring of strength
Stlth   ++++                     r - +5 ring of evasion
HPRegen 0.34/turn                H - ring "Qebysm" {rPois rF+}
MPRegen 0.59/turn                L - ring of protection from cold
                                 P - ring of protection from fire
                                 Q - ring of willpower

@: very slightly contaminated, lightly drained, invisible
A: almost no armour, amphibious, 8 rings, camouflage 1, gelatinous body 1,
(nimble swimmer 1), tentacles, iridescent scales 1, clumsy 1
a: Renounce Religion, Wall of Briars, Grow Ballistomycete, Overgrow, Grow Oklob


You were on level 2 of the Lair of Beasts.
You worshipped Fedhas.
Fedhas was extremely pleased with you.
You visited 2 branches of the dungeon, and saw 13 of its levels.
You also visited: Ossuary and Gauntlet.

You collected 731 gold pieces.

Inventory:

Hand Weapons
 s - a +2 whip of holy wrath
 N - the +6 war axe of the Endless Expanse (weapon) {heavy, rPois rC+ Stlth+}
   (You took it off a minotaur in a Gauntlet)

   rC:        It protects you from cold.
   rPois:     It protects you from poison.
   Stlth:     It makes you more stealthy.
Armour
 D - a +2 hat (worn)
 O - a +0 kite shield of cold resistance
Magical Staves
 R - a staff of conjuration
Jewellery
 c - a +4 ring of protection (left tentacle)
 i - a ring of willpower (right tentacle)
 k - an amulet of magic regeneration (around mantle)
 o - a +6 ring of strength (on tentacle)
 r - a +5 ring of evasion (on tentacle)
 u - the ring "Resongow" {Ice +Blink rPois rN+ Int-3}
   (You found it in a Gauntlet)

   [ring of ice]

   It enhances your ice magic.
   Int:       It affects your intelligence (-3).
   rF:        It makes you vulnerable to fire.
   rC:        It protects you from cold.
   rPois:     It protects you from poison.
   rN:        It protects you from negative energy.
   +Blink:    It lets you blink.
 H - the ring "Qebysm" (on tentacle) {rPois rF+}
   (You found it in a Gauntlet)

   [ring of protection from fire]

   rF:        It protects you from fire.
   rPois:     It protects you from poison.
 L - a ring of protection from cold (on tentacle)
 P - a ring of protection from fire (on tentacle)
 Q - a ring of willpower (on tentacle)
Wands
 d - a wand of paralysis (7)
 m - a wand of acid (8)
 E - a wand of flame (35)
Scrolls
 e - a scroll of enchant weapon
 f - a scroll of brand weapon
 j - a scroll of amnesia
 p - 2 scrolls of vulnerability
 t - 2 scrolls of fog
 v - a scroll of summoning
 y - 6 scrolls of teleportation
 A - 2 scrolls of silence
 F - 2 scrolls of identify
 K - a scroll of fear {unknown}
 M - a scroll of immolation {unknown}
Potions
 a - a potion of magic
 g - 4 potions of brilliance
 h - a potion of mutation
 l - 9 potions of curing
 n - 2 potions of heal wounds
 q - 2 potions of flight
 w - a potion of ambrosia
 x - 2 potions of lignification
 z - 4 potions of might
 B - a potion of attraction {unknown}
 C - a potion of haste
 I - a potion of berserk rage {unknown}
Miscellaneous
 G - a phial of floods
 J - a piece from Xom's chessboard (15/15)


   Skills:
 + Level 11.5 Fighting
 - Level 7.3 Dodging
 - Level 3.4 Stealth
 + Level 8.0 Spellcasting
 + Level 6.4 Conjurations
 - Level 4.9 Transmutations
 - Level 4.0 Air Magic
 + Level 8.7 Earth Magic
 - Level 5.8 Invocations
 - Level 4.2 Evocations


You had 2 spell levels left.
You knew the following spells:

 Your Spells              Type           Power      Damage    Failure   Level
a - Petrify               Tmut/Erth      39%        N/A       4%          4
b - Iskenderun's Battles  Conj           37%        2d9       14%         5
q - Swiftness             Air            26%        N/A       4%          3
s - Stone Arrow           Conj/Erth      84%        3d12      1%          3
w - Passwall              Tmut/Erth      32%        N/A       1%          2
x - Searing Ray           Conj           74%        2d7       1%          2
z - Iron Shot             Conj/Erth      21%        9d5       45%         6

Your spell library contained the following spells:

 Spells                   Type           Power      Damage    Failure   Level
 Beastly Appendage        Tmut           60%        N/A       1%          1
 Kiss of Death            Conj/Necr      92%        2d12      1%          1
 Magic Dart               Conj           100%       1d8       1%          1
 Sandblast                Erth           94%        2d19      1%          1
 Apportation              Tloc           16%        N/A       8%          1
 Necrotise                Necr           32%        1d5       8%          1
 Summon Small Mammal      Summ           32%        N/A       8%          1
 Ensorcelled Hibernation  Hex/Ice        16%        N/A       11%         2
 Fulminant Prism          Conj/Hex       11%        3d8       19%         4
 Confusing Touch          Hex            8%         N/A       22%         3
 Gell's Gravitas          Tloc           8%         N/A       22%         3
 Portal Projectile        Hex/Tloc       16%        N/A       22%         3
 Summon Guardian Golem    Hex/Summ       8%         N/A       22%         3
 Teleport Other           Tloc           8%         N/A       22%         3
 Tukima's Dance           Hex            8%         N/A       22%         3
 Dispel Undead            Necr           8%         3d8       58%         4
 Yara's Violent Unravell  Hex/Tmut       9%         3d6       58%         5
 Orb of Destruction       Conj           18%        9d8       99%         7
 Dispersal                Tloc           4%         N/A       100%        6
 Spellforged Servitor     Conj/Summ      11%        N/A       100%        7


Dungeon Overview and Level Annotations

Branches:
Dungeon (11/15)            Temple (0/1) D:7            Lair (2/5) D:8
  Snake (0/4) Lair:2      Ossuary (visited)         Gauntlet (visited)
  Swamp: Lair:2-3    Shoals: Lair:2-3       Orc: D:9-12

Altars:
Ashenzari
Dithmenos
Elyvilon
Fedhas
Gozag
Kikubaaqudgha
Okawaru
Qazlal
Sif Muna
Xom
Lugonu

Portals:
Trove: D:10 (give 5 scrolls of fog)

Annotations:
Lair:2 croobank's ghost, journeyman TeDe


Innate Abilities, Weirdness & Mutations

You cannot wear most types of armour.
You are amphibious.
You can wear up to eight rings at the same time.
Your skin changes colour to match your surroundings (Stealth+).
Your rubbery body absorbs attacks. (AC +1, EV +1)
((You are camouflaged when in or above water. (Stealth+)))
You have tentacles for arms and can constrict up to eight enemies at once.
You are partially covered in iridescent scales. (AC +2)
You are clumsy. (Dex -2)


Message History

You are very lightly contaminated with residual magic.
Nothing appears to happen.
The merfolk hits you from afar with a +0 trident!!
Casting: Stone Arrow (safe; 1% risk of failure)
Confirm with . or Enter, or press ? or * to list all spells.
Aiming: Stone Arrow (safe; 1% risk of failure)
Press: ? - help, Shift-Dir - straight line, f/p - merfolk
Aim: a merfolk, wielding a +0 trident (fast, ally target, 70% to hit)
The stone arrow hits the merfolk!!
The merfolk is heavily wounded.
Your battlesphere fires!
The barrage of energy hits the merfolk!
The merfolk is lightly wounded.
The merfolk hits you from afar with a +0 trident.
The merfolk closely misses you.
You fade into invisibility!
The merfolk hits you from afar with a +0 trident.
* * * LOW HITPOINT WARNING * * *
The merfolk throws a boomerang.
The boomerang closely misses you.
You feel much better. The merfolk misses you. x2
The merfolk completely misses you. The merfolk closely misses you.
You catch the helpless merfolk completely off-guard!
You slash the merfolk! Your grab misses the merfolk.
The merfolk is moderately wounded.
The merfolk closely misses you. x2
The merfolk hits you with a +0 trident!!
The merfolk barely misses you.
You hit the merfolk. You grab the merfolk. Your squeeze misses the merfolk.
The merfolk is moderately wounded.
You constrict the merfolk!
The merfolk struggles to escape constriction.
The merfolk hits you with a +0 trident!
* * * LOW HITPOINT WARNING * * *
You slash the merfolk! You squeeze the merfolk.
The merfolk is severely wounded.
You constrict the merfolk. The merfolk completely misses you.
The merfolk hits you with a +0 trident!
You die...
Fedhas appreciates your contribution to the ecosystem.

.. #.......##
... #..........
...# #.......#..
....##........#.
................
...............
......).mm.....
#@..# #. ##..#
#.#.###.*###
...........#
...........#
>..........#
..##......## #
###..(.# #....##


You could see 2 merfolk and a friendly battlesphere.

Vanquished Creatures
  Gastronok (D:8)
  A minotaur (Gauntlet)
  A two-headed ogre (D:8)
  A death yak (Gauntlet)
  A wizard (Gauntlet)
  Joseph (D:7)
  A black mamba (Lair:1)
  4 cane toads (Lair:1)
  3 kobold demonologists (D:10)
  A merfolk (Lair:2)
  A polar bear (Lair:1)
  A tyrant leech (Gauntlet)
  Grinder (D:5)
  A hornet (D:9)
  13 blink frogs
  Sigmund (D:5)
  Eustachio (D:5)
  A basilisk (Lair:2)
  31 yaks
  A wraith (D:10)
  3 swamp worms (Gauntlet)
  Edmund (D:5)
  5 nagas (Lair:2)
  2 water moccasins
  Duvessa (D:4)
  2 black bears
  3 ice beasts
  3 orc warriors
  7 wolves (Lair:1)
  2 ogres
  2 phantoms
  2 centaurs
  4 kobold brigands
  2 elf zombies (Ossuary)
  6 bullfrogs
  A necrophage (D:3)
  4 scorpions
  8 wights
  Dowan (D:4)
  4 killer bees (D:9)
  4 howler monkeys
  2 human zombies (Ossuary)
  8 orc priests
  3 hounds
  2 jellies
  3 iguanas
  Natasha (thrice) (D:2)
  9 orc wizards
  4 hell rats (Lair:2)
  3 mummies
  7 gnolls
  12 adders
  2 river rats
  2 shadow imps
  3 white imps (Gauntlet)
  3 ufetubi
  An adder zombie (Ossuary)
  5 dart slugs
  28 orcs
  9 endoplasms
  A giant cockroach (D:4)
  7 goblins
  9 hobgoblins
  10 jackals
  22 kobolds
  4 quokkas
  8 ball pythons
  3 bats (D:1)
  A frilled lizard (D:2)
  11 hobgoblin zombies
  A jackal zombie (Ossuary)
  13 kobold zombies (Ossuary)
  6 orc zombies
  4 rats
  3 rat zombies (Ossuary)
346 creatures vanquished.

Vanquished Creatures (collateral kills)
  A death yak (D:8)
  A swamp worm (Gauntlet)
  A water moccasin (Lair:1)
  A wolf (Lair:1)
  A bullfrog (D:8)
  3 orcs (D:8)
  5 ballistomycete spores
13 creatures vanquished.

Vanquished Creatures (others)
  An orc warrior (D:10)
  2 bushes (Lair:1)
  6 demonic plants
  20 fungi
  29 plants
  2 withered plants (D:6)
60 creatures vanquished.

Grand Total: 419 creatures vanquished

Notes
Turn   | Place    | Note
-------+----------+-------------------------------------------
     0 | D:1      | bobo the Octopode Earth Elementalist began the quest for
                  | the Orb.
     0 | D:1      | Reached XP level 1. HP: 11/11 MP: 3/3
   138 | D:1      | Reached XP level 2. HP: 17/17 MP: 1/5
   141 | D:1      | Learned a level 2 spell: Passwall
   368 | D:1      | You fall into a shaft and drop 1 floor!
   447 | D:1      | Reached XP level 3. HP: 22/22 MP: 4/6
   547 | D:1      | Learned a level 3 spell: Stone Arrow
  1200 | D:2      | Reached skill level 1 in Fighting
  1243 | D:2      | Reached XP level 4. HP: 28/28 MP: 6/8
  1288 | D:2      | Noticed Natasha
  1294 | D:2      | Killed Natasha
  1672 | D:2      | Noticed Natasha
  1674 | D:2      | Killed Natasha
  1675 | D:2      | Reached skill level 1 in Conjurations
  1675 | D:2      | Reached XP level 5. HP: 34/34 MP: 7/9
  1840 | D:2      | Noticed Natasha
  1846 | D:2      | Killed Natasha
  1847 | D:2      | Reached skill level 2 in Fighting
  1905 | D:3      | Learned a level 3 spell: Swiftness
  1938 | D:3      | Reached XP level 6. HP: 33/41 MP: 5/11
  2597 | D:4      | Noticed Duvessa
  2597 | D:4      | Noticed Dowan
  2671 | D:4      | Found a sand-covered staircase.
  2705 | Ossuary  | Entered an ossuary
  2837 | Ossuary  | Reached skill level 3 in Fighting
  2837 | Ossuary  | Gained mutation: You are partially covered in iridescent
                  | scales. (AC +2) [potion of mutation]
  2837 | Ossuary  | Gained mutation: Your magical capacity is low. (-10% MP)
                  | [potion of mutation]
  2837 | Ossuary  | Gained mutation: One of your tentacles bears a spike.
                  | [potion of mutation]
  2858 | Ossuary  | Reached XP level 7. HP: 21/46 MP: 11/11
  3073 | D:4      | Found a shimmering blue altar of Sif Muna.
  3179 | D:4      | Reached skill level 5 in Earth Magic
  3268 | D:4      | Found a stormy altar of Qazlal.
  3298 | D:4      | Reached skill level 4 in Fighting
  3317 | D:4      | Found an opulent altar of Gozag.
  3328 | D:4      | Found a blossoming altar of Fedhas.
  3389 | D:4      | Became a worshipper of Fedhas Madash
  3496 | D:4      | Killed Duvessa
  3497 | D:4      | Reached XP level 8. HP: 54/54 MP: 4/13
  3518 | D:4      | Killed Dowan
  3733 | D:4      | Found an iron altar of Okawaru.
  3778 | D:5      | Entered Level 5 of the Dungeon
  3778 | D:5      | Noticed Eustachio
  3793 | D:5      | Killed Eustachio
  3852 | D:5      | Reached skill level 5 in Spellcasting
  3940 | D:5      | Reached skill level 5 in Fighting
  4003 | D:5      | Reached skill level 1 in Air Magic
  4016 | D:5      | Noticed Edmund
  4027 | D:5      | Killed Edmund
  4028 | D:5      | Reached XP level 9. HP: 56/61 MP: 3/15
  4108 | D:5      | Noticed Sigmund
  4112 | D:5      | Killed Sigmund
  4112 | D:5      | Reached * piety under Fedhas
  4271 | D:5      | Noticed Grinder
  4275 | D:5      | Killed Grinder
  4537 | D:5      | Reached skill level 6 in Fighting
  5090 | D:6      | Reached ** piety under Fedhas
  5157 | D:6      | Found an ancient bone altar of Kikubaaqudgha.
  5183 | D:6      | Reached skill level 7 in Fighting
  5363 | D:6      | Reached skill level 1 in Invocations
  5363 | D:6      | Reached skill level 1 in Evocations
  5371 | D:5      | Reached XP level 10. HP: 71/71 MP: 8/18
  5552 | D:6      | Found a broken altar of Ashenzari.
  5778 | D:7      | Found a staircase to the Ecumenical Temple.
  5964 | D:7      | Noticed Joseph
  6085 | D:7      | Killed Joseph
  6086 | D:7      | Reached skill level 8 in Fighting
  6444 | D:7      | Reached *** piety under Fedhas
  6666 | D:8      | Noticed a death yak
  6667 | D:8      | Noticed a death yak
  6672 | D:8      | Noticed a death yak
  6735 | D:8      | Noticed Gastronok
  6982 | D:8      | Killed Gastronok
  6983 | D:8      | Reached skill level 9 in Fighting
  7312 | D:8      | Found a shimmering altar of Xom.
  7312 | D:8      | Found a shimmering altar of Xom.
  7314 | D:8      | Found a shimmering altar of Xom.
  7314 | D:8      | Found a shimmering altar of Xom.
  7314 | D:8      | Found a shimmering altar of Xom.
  7315 | D:8      | Found a shimmering altar of Xom.
  7315 | D:8      | Found a shimmering altar of Xom.
  7316 | D:8      | Found a shimmering altar of Xom.
  7454 | D:8      | Killed a death yak
  7455 | D:8      | Reached XP level 11. HP: 80/80 MP: 8/19
  7615 | D:8      | Reached skill level 5 in Dodging
  7621 | D:8      | Found a staircase to the Lair.
  7652 | D:8      | Reached skill level 5 in Invocations
  7729 | D:8      | Noticed a two-headed ogre
  7755 | D:8      | Killed a two-headed ogre
  8000 | D:9      | Learned a level 4 spell: Petrify
  8154 | D:9      | Found a shadowy altar of Dithmenos.
  8154 | D:9      | Found a white marble altar of Elyvilon.
  8361 | D:10     | Entered Level 10 of the Dungeon
  8451 | D:10     | Found a portal to a secret trove of treasure.
  8696 | D:10     | Reached skill level 10 in Fighting
  8856 | D:10     | Found a corrupted altar of Lugonu.
  9191 | D:11     | Noticed a boulder beetle
  9268 | D:11     | Noticed a manticore
  9566 | Lair:1   | Entered Level 1 of the Lair of Beasts
  9640 | Lair:1   | Reached **** piety under Fedhas
 10042 | Lair:1   | Reached XP level 12. HP: 88/88 MP: 12/20
 10067 | Lair:1   | Learned a level 2 spell: Searing Ray
 10387 | Lair:1   | Learned a level 6 spell: Iron Shot
 10494 | Lair:1   | Reached skill level 5 in Conjurations
 10588 | Lair:1   | Reached skill level 11 in Fighting
 10795 | Lair:1   | Learned a level 5 spell: Iskenderun's Battlesphere
 11152 | Lair:1   | Reached ***** piety under Fedhas
 11276 | Lair:2   | Found a gate leading to a gauntlet.
 11283 | Lair:2   | Noticed croobank's ghost (journeyman TeDe)
 11284 | Lair:2   | Noticed a minotaur
 11287 | Gauntlet | Entered a Gauntlet
 11287 | Gauntlet | Found a transporter.
 11287 | Gauntlet | Found a transporter.
 11292 | Gauntlet | Found a runed translucent door.
 11293 | Gauntlet | Found a transporter.
 11294 | Gauntlet | Found a runed translucent door.
 11305 | Gauntlet | Found a transporter.
 11319 | Gauntlet | Found a large runed translucent door.
 11320 | Gauntlet | Found a large runed translucent door.
 11321 | Gauntlet | Found a large runed translucent door.
 11321 | Gauntlet | Found a large runed translucent door.
 11321 | Gauntlet | Found a large runed translucent door.
 11321 | Gauntlet | Found a large runed translucent door.
 11321 | Gauntlet | Found a large runed translucent door.
 11321 | Gauntlet | Found a large runed translucent door.
 11322 | Gauntlet | Found a runed translucent door.
 11322 | Gauntlet | Found a runed translucent gate.
 11322 | Gauntlet | Noticed a death yak
 11323 | Gauntlet | Found a runed translucent gate.
 11323 | Gauntlet | Found a transporter.
 11323 | Gauntlet | Found a transporter.
 11323 | Gauntlet | Found a transporter.
 11325 | Gauntlet | Found a transporter.
 11325 | Gauntlet | Found a transporter.
 11325 | Gauntlet | Noticed a death yak
 11339 | Gauntlet | Found a transporter.
 11355 | Gauntlet | Found a transporter.
 11358 | Gauntlet | Noticed a cacodemon
 11364 | Gauntlet | Found a runed translucent gate.
 11365 | Gauntlet | Found a transporter.
 11365 | Gauntlet | Found a runed translucent gate.
 11366 | Gauntlet | Found a runed translucent gate.
 11379 | Gauntlet | Found a transporter.
 11392 | Gauntlet | Found a large runed translucent door.
 11393 | Gauntlet | Found a large runed translucent door.
 11394 | Gauntlet | Found a large runed translucent door.
 11394 | Gauntlet | Found a large runed translucent door.
 11394 | Gauntlet | Found a large runed translucent door.
 11394 | Gauntlet | Found a large runed translucent door.
 11395 | Gauntlet | Found a large runed translucent door.
 11395 | Gauntlet | Found a large runed translucent door.
 11395 | Gauntlet | Found a runed translucent gate.
 11395 | Gauntlet | Found a runed translucent door.
 11396 | Gauntlet | Noticed a death yak
 11400 | Gauntlet | Found a transporter.
 11460 | Gauntlet | Identified the ring "Resongow" {Ice +Blink rPois rN+ Int-3}
 11565 | Gauntlet | Killed a death yak
 11619 | Gauntlet | Identified the ring "Qebysm" {rPois rF+}
 11717 | Gauntlet | Identified the +6 war axe of the Endless Expanse {heavy,
                  | rPois rC+ Stlth+}
 11717 | Gauntlet | Identified the +1 pearl dragon scales "Taasiej" {rF- rN+
                  | Str+3 Dex+3}
 11717 | Gauntlet | Noticed a minotaur
 11726 | Gauntlet | Killed a minotaur
 11737 | Gauntlet | Identified the +5 ring mail "Tymiteb" {Contam Dex+4}
 11740 | Gauntlet | Got Sif Muna's Quarto of the Wyrd and Transmogrification
 11752 | Gauntlet | Lost mutation: One of your tentacles bears a spike. [potion
                  | of mutation]
 11752 | Gauntlet | Lost mutation: You are partially covered in iridescent
                  | scales. (AC +2) [potion of mutation]
 11752 | Gauntlet | Lost mutation: Your magical capacity is low. (-10% MP)
                  | [potion of mutation]
 11752 | Gauntlet | Gained mutation: You are occasionally teleported next to
                  | monsters. [potion of mutation]
 11752 | Gauntlet | Gained mutation: Your body sometimes deteriorates upon
                  | taking damage. [potion of mutation]
 11752 | Gauntlet | Gained mutation: You possess an exceptional clarity of
                  | mind. [potion of mutation]
 11782 | Lair:2   | Noticed an eight-headed hydra
 11975 | Lair:2   | Lost mutation: You possess an exceptional clarity of mind.
                  | [potion of mutation]
 11975 | Lair:2   | Lost mutation: Your body sometimes deteriorates upon taking
                  | damage. [potion of mutation]
 11975 | Lair:2   | Lost mutation: You are occasionally teleported next to
                  | monsters. [potion of mutation]
 11975 | Lair:2   | Gained mutation: You are partially covered in iridescent
                  | scales. (AC +2) [potion of mutation]
 11975 | Lair:2   | Gained mutation: You are clumsy. (Dex -2) [potion of
                  | mutation]
 12086 | Lair:2   | Found a staircase to the Snake Pit.
 12153 | Lair:2   | Slain by a merfolk

Illustrated notes

Levels and vault maps discovered:
D:1:      minmay_arrival_four_circles, layout_basic, corexii_corridor_pit
D:2:      minmay_skewed_foursquare, layout_basic, uniq_natasha
D:3:      layout_loops_ring
D:4:      layout_rooms, mainiacjoe_overflow_alcove_1,
          nicolae_overflow_quartered_altars, nicolae_ossuary_entry_giza,
          uniq_duvessa
D:5:      nicolae_cairo_tiling_large_dashed, layout_basic, uniq_edmund,
          uniq_grinder, uniq_eustachio, uniq_sigmund
D:6:      layout_rooms, kiku_gazebo_garden_becter, ashenzari_conservatory_becter
D:7:      layout_basic, minmay_temple_entry_glass, dk_rats_in_the_wall,
          uniq_joseph
D:8:      layout_loops_ring, xom_shifter_show, dpeg_lair_monsters,
          grunt_ministairs_10, uniq_gastronok
D:9:      layout_rooms, gammafunk_temple_overflow_wave,
          kennysheep_generic_room_8
D:10:     kennysheep_kobold_lugonu_temple, layout_long_grid,
          nicolae_trove_entry_free_sample, minmay_crystal_room
D:11:     layout_cave_pools, david_orc_5, minmay_variable_closet,
          grunt_dithmenos_shadows
Lair:1:   layout_loops_ring, grunt_forest_small_clearings
Lair:2:   layout_gridlike, elwin_shoals_entry_stream,
          minmay_snake_entry_guardpost_medium, gauntlet_entry_generic,
          maelrawn_ghost_gauntlet_escape

Skill      XL: |  1  2  3  4  5  6  7  8  9 10 11 12 |
---------------+-------------------------------------+-----
Stealth        | 3 |  3.4
Fighting       | 1 2 3 4 5 7 9 10 11 | 11.5
Spellcasting   | 3 4 5 6 8 |  8.0
Conjurations   | 1 2 3 4 6 |  6.4
Earth Magic    | 4 5 6 7 8 |  8.7
Air Magic      | 1 4 |  4.0
Transmutations | 2 4 |  4.9
Invocations    | 1 4 5 |  5.8
Evocations     | 1 4 |  4.2
Dodging        | 4 6 7 |  7.3

Action                     |  1- 3 |  4- 6 |  7- 9 | 10-12 || total
---------------------------+-------+-------+-------+-------++-------
  Melee: Short sword       |    30 |    16 |       |       ||    46
         Constrict         |     9 |    27 |    19 |    30 ||    85
         Tentacles         |     4 |    14 |    15 |    66 ||    99
         Whip              |       |    69 |    74 |   195 ||   338
         Kick              |       |     7 |    32 |    77 ||   116
         Punch             |       |     3 |       |     4 ||     7
         War axe           |       |       |       |    17 ||    17
   Cast: Sandblast         |    28 |    38 |       |       ||    66
         Stone Arrow       |       |    18 |   108 |   271 ||   397
         Swiftness         |       |       |     1 |    10 ||    11
         Petrify           |       |       |       |    14 ||    14
         Searing Ray       |       |       |       |    10 ||    10
         Iskenderun's Batt |       |       |       |     6 ||     6
 Invoke: Wall of Briars    |       |       |       |     7 ||     7
         Grow Ballistomyce |       |       |       |     3 ||     3
  Evoke: Wand              |       |       |       |    10 ||    10
    Use: Scroll            |       |     4 |     9 |    10 ||    23
         Potion            |       |     1 |     1 |     6 ||     8
   Stab: Sleeping          |       |     4 |     2 |     2 ||     8
         Confused          |       |       |       |     1 ||     1
         Petrified         |       |       |       |     3 ||     3
         Petrifying        |       |       |       |     1 ||     1
         Distracted        |       |       |       |     1 ||     1
         Invisible         |       |       |       |     1 ||     1
 Armour: Skin              |     5 |    15 |    23 |    75 ||   118
  Dodge: Dodged            |    18 |    38 |    70 |   316 ||   442

Table legend: (Time is in decaauts)
 A = Elapsed time spent in this place.
 B = Non-inter-level travel time spent in this place.
 C = Inter-level travel time spent in this place.
 D = Time resting spent in this place.
 E = Time spent auto-exploring this place.
 F = Levels seen in this place.
 G = Mean time per level.
                   A        B        C        D        E       F      G
               +--------+--------+--------+--------+--------+-----+--------+
         Total |  12227 |  11655 |    572 |   1483 |   7121 |  15 |  815.1 |
       Dungeon |   9280 |   8717 |    563 |    901 |   5944 |  11 |  843.6 |
          Lair |   2138 |   2130 |      8 |    473 |   1034 |   2 | 1069.0 |
       Ossuary |    345 |    345 |      0 |     27 |      3 |   1 |  345.0 |
      Gauntlet |    462 |    462 |      0 |     82 |    140 |   1 |  462.0 |
               +--------+--------+--------+--------+--------+-----+--------+

Top non-repeatable levels by time:
  Lair:1: 1712 daAuts
     D:5: 1225 daAuts
     D:7: 1165 daAuts
    D:10: 1098 daAuts
     D:8: 1085 daAuts
     D:1: 1079 daAuts
     D:2: 845 daAuts
     D:4: 819 daAuts
     D:3: 726 daAuts
     D:6: 717 daAuts
     D:9: 465 daAuts
Gauntlet: 462 daAuts
  Lair:2: 426 daAuts
 Ossuary: 345 daAuts
    D:11: 52 daAuts
